 Dungeon Crawl Stone Soup version 0.28-a0-1152-g9c71ebef14 (webtiles) character file.

Game seed: 5895586590403690895

311 spaghetti the Sneak (level 6, 0/48 HPs)
             Began as a Mummy Delver on Dec 14, 2021.
             Slain by a black bear (2 damage)
             ... on level 3 of the Dungeon.
             The game lasted 00:08:20 (4619 turns).

spaghetti the Sneak (Mummy Delver)                  Turns: 4619, Time: 00:08:21

Health: 0/48       AC:  6    Str: 18    XL:     6   Next: 18%
Magic:  6/6        EV: 11    Int:  9    God:
Gold:   1165       SH:  0    Dex: 13    Spells: 4/5 levels left

rFire   x . .      SeeInvis .   k - +0 dagger (venom) {short}
rCold   + . .      Faith    .   (no shield)
rNeg    + + +      Spirit   .   b - +1 leather armour
rPois   ∞          Reflect  .   (no helmet)
rElec   .          Harm     .   (no cloak)
rCorr   +          Rampage  .   o - +0 pair of gloves
Will    .....                   e - +0 pair of boots
Stlth   +++.......              (no amulet)
HPRegen 0.16/turn               h - ring of resist corrosion
MPRegen 0.10/turn               (no ring)

@: no status effects
A: cold resistance 1, negative energy resistance 3, torment resistance 2, heat
vulnerability 1, no potions
a: no special abilities


You were on level 3 of the Dungeon.
You visited 1 branch of the dungeon, and saw 5 of its levels.

You collected 1165 gold pieces.


Innate Abilities, Weirdness & Mutations

You are immune to poison.
Your flesh is cold resistant. (rC+)
You are immune to negative energy. (rN+++)
You are immune to unholy pain and torment.
You are vulnerable to heat. (rF-)
You do not drink.


   Skills:
 + Level 3.9 Fighting
 + Level 1.0(1.5) Short Blades
 - Level 1.5(1.7) Long Blades
 - Level 1.5 Dodging
 + Level 6.5 Stealth


You had 4 spell levels left.
You knew the following spells:

 Your Spells              Type           Power      Damage    Failure   Level
a - Summon Small Mammal   Summ           0%         N/A       43%         1

Your spell library contained the following spells:

 Spells                   Type           Power      Damage    Failure   Level
 Animate Skeleton         Necr           0%         N/A       43%         1
 Apportation              Tloc           0%         N/A       43%         1
 Conjure Ball Lightning   Conj/Air       0%         3x3d6     100%        6
 Discord                  Hex            0%         N/A       100%        8
 Disjunction              Tloc           0%         N/A       100%        8
 Beastly Appendage        Tmut           Unusable   N/A       N/A         1
 Wereblood                Tmut           Unusable   N/A       N/A         2
 Spider Form              Tmut/Pois      Unusable   N/A       N/A         3

Inventory:

Hand Weapons
 a - a +0 falchion {long}
 k - a +0 dagger of venom (weapon) {short}
   (You took it off a goblin on level 4 of the Dungeon)
 n - a +1 vampiric dagger {short}
   (You took it off Jessica on level 2 of the Dungeon)
Missiles
 g - 91 stones (quivered) {throwing}
 j - 20 bolts
 p - 4 silver boomerangs {throwing}
 q - 26 arrows
 r - 13 poisoned darts {throwing}
Armour
 b - a +1 leather armour (worn)
 e - a +0 pair of boots (worn)
   (You found it on level 4 of the Dungeon)
 o - a +0 pair of gloves (worn)
   (You found it on level 1 of the Dungeon)
Jewellery
 h - a ring of resist corrosion (left hand)
   (You found it on level 4 of the Dungeon)
Wands
 f - a wand of digging (1)
 i - a wand of polymorph (9)
   (You found it on level 3 of the Dungeon)
Scrolls
 c - 2 scrolls of fog
 d - a scroll of immolation {!r!r}
 l - a scroll of magic mapping {!r}
 m - a scroll of noise {!r}

Dungeon Overview and Level Annotations

Branches:
Dungeon (5/15)             Temple (0/1) D:4

Altars:
Yredelemnul

Annotations:
D:4 Robin

#...# ###. #.###
##... #.# #.... #.#
#.... #.# #.... ##.##
##... ##...## ##.#
#.....#### #..
#.....h@.# ####..
#.....##)# #.....
##...###.# #.##..
##### #.# #.##..
####.## ######.##..
##.#...####..<.......
#....#........)..###.
##.#...####.###### #.
#.##.## #.# #.


You could see a black bear (berserk, extremely poisoned).


Message History

Unknown command.
Unknown command.
You hit the black bear but do no damage.
The black bear barely misses you. The black bear closely misses you. x2
You closely miss the black bear. The black bear bites you.
The black bear claws you but does no damage. x2 😕 HP[-5]
You take 5 damage, and now have 41/48 hp.
You hit the black bear. The black bear bites you.
The black bear barely misses you.
The black bear claws you but does no damage. 😕 HP[-4]
You take 4 damage, and now have 37/48 hp.
You hit the black bear.
The black bear is poisoned.
The black bear bites you but does no damage.
The black bear closely misses you. The black bear misses you.
You hit the black bear.
The black bear looks as sick as possible!
The black bear bites you but does no damage.
The black bear claws you.
The black bear closely misses you. 😮 HP[-2]
You take 2 damage, and now have 35/48 hp.
You are too injured to fight recklessly!
You are too injured to fight recklessly!
You are too injured to fight recklessly!
You are too injured to fight recklessly!
You are too injured to fight recklessly!
You are too injured to fight recklessly!
You are too injured to fight recklessly!
You are too injured to fight recklessly!
You are too injured to fight recklessly!
You are too injured to fight recklessly!
You are too injured to fight recklessly!
You are too injured to fight recklessly!
You are too injured to fight recklessly!
You are too injured to fight recklessly!
You are too injured to fight recklessly!
You are too injured to fight recklessly!
You are too injured to fight recklessly!
You barely miss the black bear. The black bear barely misses you.
The black bear claws you.
The black bear claws you but does no damage. 😮 HP[-1]
You take 1 damage, and now have 34/48 hp.
You hit the black bear but do no damage.
The black bear closely misses you. x2
The black bear claws you but does no damage. 😮 HP[+1]
You hit the black bear but do no damage.
The black bear bites you but does no damage.
The black bear claws you. x2 😮 HP[-5]
You take 5 damage, and now have 30/48 hp.
You closely miss the black bear. The black bear bites you!
* * * LOW HITPOINT WARNING * * *
The black bear claws you but does no damage.
The black bear claws you.
* * * LOW HITPOINT WARNING * * *
😨 HP[-9]
You take 9 damage, and now have 21/48 hp.
You hit the black bear.
The black bear goes berserk!
Unknown command.
Unknown command.
You hit the black bear but do no damage.
The black bear looks as sick as possible!
The black bear bites you but does no damage.
The black bear claws you.
* * * LOW HITPOINT WARNING * * *
The black bear misses you. 😨 HP[-3]
You take 3 damage, and now have 18/48 hp.
Unknown command.
Unknown command.
You barely miss the black bear. The black bear closely misses you.
The black bear claws you.
* * * LOW HITPOINT WARNING * * *
The black bear claws you.
* * * LOW HITPOINT WARNING * * *
😱 HP[-12]
You take 12 damage, and now have 6/48 hp.
MASSIVE DAMAGE!! (PAUSE) Unknown command.
Unknown command.
Okay, then.
Unknown command.
Okay, then.
Unknown command.
You can't drink.
Unknown command.
Unknown command.
Okay, then.
Unknown command.
You barely miss the black bear. The black bear closely misses you.
The black bear barely misses you. The black bear claws you.
* * * LOW HITPOINT WARNING * * *
The black bear barely misses you. The black bear claws you.
* * * LOW HITPOINT WARNING * * *
The black bear claws you.
You die...

Skill      XL: |  1  2  3  4  5  6 |
---------------+-------------------+-----
Stealth        | 6 |  6.5
Short Blades   | 1 |  1.0
Fighting       | |  3.9
Long Blades    | |  1.5
Dodging        | |  1.5

Action                   |  1- 3 |  4- 6 || total
-------------------------+-------+-------++-------
Melee: Falchion          |    25 |    87 ||   112
       Dagger            |       |   142 ||   142
Throw: Stone             |       |    23 ||    23
 Cast: Summon Small Mamm |       |    10 ||    10
Evoke: Wand              |       |     2 ||     2
  Use: Scroll            |     7 |     6 ||    13
 Stab: Sleeping          |     1 |    16 ||    17
       Distracted        |       |     1 ||     1
Armor: Leather armour    |     9 |    98 ||   107
Dodge: Dodged            |    13 |   145 ||   158

Levels and vault maps discovered:
D:1:      lemuel_arrival_broad_hall, layout_basic
D:2:      layout_loops_ring, chequers_ecumenical_altar_grove, uniq_jessica
D:3:      layout_loops_ring
D:4:      layout_basic, mainiacjoe_overflow_brackets, temple_statues,
          ebering_dispersal_statue_hall, uniq_robin
D:5:      layout_cave_pods, uniq_ijyb, uniq_grinder, uniq_menkaure, uniq_pikel,
          uniq_prince_ribbit1

Notes
Turn   | Place    | Note
-------+----------+-------------------------------------------
     0 | D:5      | spaghetti the Mummy Delver began the quest for the Orb.
     0 | D:5      | Reached XP level 1. HP: 18/18 MP: 1/1
     0 | D:5      | magus.rc [v1.9.6]
    15 | D:5      | Noticed a black bear
    17 | D:5      | You pick up a book of Cantrips and begin reading...
    17 | D:5      | You add the spells Animate Skeleton, Summon Small Mammal
                  | and Apportation to your library.
    21 | D:5      | Noticed a water moccasin
    26 | D:5      | HP: 2/18 [water moccasin (8)]
   409 | D:4      | Reached XP level 2. HP: 8/24 MP: 2/2
   409 | D:4      | Reached XP level 3. HP: 10/29 MP: 3/3
   459 | D:4      | HP: 5/29 [hound skeleton (3)]
   463 | D:4      | Reached skill level 5 in Stealth
   789 | D:4      | You pick up a book of Changes and begin reading...
   855 | D:4      | Found a basalt altar of Yredelemnul.
   950 | D:4      | Noticed a necrophage
   961 | D:4      | Killed a necrophage
   962 | D:4      | Reached skill level 6 in Stealth
   962 | D:4      | Reached XP level 4. HP: 35/35 MP: 4/4
  1010 | D:4      | Noticed Robin
  1316 | D:3      | Reached XP level 5. HP: 41/41 MP: 5/5
  1457 | D:3      | You pick up a book of Chaos and begin reading...
  1457 | D:3      | You add the spells Conjure Ball Lightning, Disjunction and
                  | Discord to your library.
  1482 | D:3      | Learned a level 1 spell: Summon Small Mammal
  1525 | D:3      | Identified a scroll of acquirement
  1525 | D:3      | Acquired 968 gold pieces
  2106 | D:2      | Noticed Jessica
  2114 | D:2      | Killed Jessica
  3044 | D:2      | Found a faded altar of an unknown god.
  3405 | D:5      | HP: 10/41 [black bear (2)]
  3793 | D:4      | Reached XP level 6. HP: 20/48 MP: 6/6
  3821 | D:4      | HP: 11/48 [acid (4)]
  3839 | D:4      | HP: 10/48 [Robin/goblin (3)]
  3849 | D:4      | HP: 9/48 [goblin[Robin] (3)]
  4156 | D:3      | HP: 12/48 [jelly (3)]
  4164 | D:3      | HP: 8/48 [jelly (1)]
  4164 | D:3      | HP: 3/48 [acid (5)]
  4208 | D:3      | HP: 9/48 [acid (1)]
  4275 | D:3      | HP: 12/48 [acid (1)]
  4278 | D:3      | Reached skill level 1 in Short Blades
  4618 | D:3      | HP: 12/48 [black bear (6)]
  4619 | D:3      | HP: 5/48 [black bear (1)]
  4619 | D:3      | HP: 2/48 [black bear (3)]
  4619 | D:3      | Slain by a black bear

Vanquished Creatures
  A necrophage (D:4)
  A jelly (D:3)
  A bullfrog skeleton (D:4)
  An orc priest (D:4)
  Jessica (D:2)
  A hound skeleton (D:4)
  4 adders
  A worm (D:2)
  An orc (D:4)
  2 ball pythons
  7 endoplasms
  3 giant cockroaches
  11 goblins
  10 hobgoblins
  2 jackals (D:2)
  5 quokkas
  3 bats
  A frilled lizard (D:2)
  5 kobolds
  A rat (D:1)
62 creatures vanquished.

Table legend:
 A = Non-vault XP
 B = Vault XP
 C = Vault XP percentage of total XP
 D = Non-vault monster count
 E = Vault monster count
 F = Vault count percentage of total count
                 A         B        C        D         E       F
            +---------+---------+-------+---------+---------+-------
      Total |     397 |      48 |  10.8 |      55 |       7 |  11.3
            +---------+---------+-------+---------+---------+-------
        D:1 |      25 |       0 |   0.0 |      14 |       0 |   0.0
        D:2 |      75 |      37 |  33.0 |      20 |       1 |   4.8
        D:3 |      71 |       4 |   5.3 |      10 |       2 |  16.7
        D:4 |     226 |       7 |   3.0 |      11 |       4 |  26.7
            +---------+---------+-------+---------+---------+-------

Illustrated notes

Table legend:
 A = Kills in this place as a percentage of kills in entire the game.
 B = Kills by you in this place as a percentage of kills by you in the entire game.
 C = Kills by friends in this place as a percentage of kills by friends in the entire game.
 D = Other kills in this place as a percentage of other kills in the entire game.
 E = Experience gained in this place as a percentage of experience gained in the entire game.
 F = Experience gained in this place divided by the number of levels of this place that you have seen.
                   A       B       C       D       E      F
               +-------+-------+-------+-------+-------+----------------------
         Total | 100.0 | 100.0 |   N/A |   N/A | 100.0 |  89.0
       Dungeon | 100.0 | 100.0 |   N/A |   N/A | 100.0 |  89.0
               +-------+-------+-------+-------+-------+----------------------

Table legend: (Time is in decaauts)
 A = Elapsed time spent in this place.
 B = Non-inter-level travel time spent in this place.
 C = Inter-level travel time spent in this place.
 D = Time resting spent in this place.
 E = Time spent auto-exploring this place.
 F = Levels seen in this place.
 G = Mean time per level.
                   A        B        C        D        E       F      G
               +--------+--------+--------+--------+--------+-----+--------+
         Total |   4642 |   4510 |    132 |   1200 |   2397 |   5 |  928.4 |
       Dungeon |   4642 |   4510 |    132 |   1200 |   2397 |   5 |  928.4 |
               +--------+--------+--------+--------+--------+-----+--------+

Top non-repeatable levels by time:
     D:4: 1545 daAuts
     D:3: 1345 daAuts
     D:2: 1057 daAuts
     D:1: 652 daAuts
     D:5: 41 daAuts
